 Dungeon Crawl Stone Soup version 0.29-a0-885-gb26ba3297d (webtiles) character file.

Game seed: 1369899050148898392

326 kevlar127 the Ruffian (level 6, -9/87 (93) HPs)
             Began as a Troll Berserker on July 20, 2022.
             Was a Believer of Trog.
             Mangled by a wight
             ... wielding a +0 battleaxe
              (11 damage)
             ... on level 5 of the Dungeon.
             The game lasted 00:04:09 (2887 turns).

kevlar127 the Ruffian (Troll Berserker)             Turns: 2887, Time: 00:04:10

HP:   -9/87 (93)    AC:  4    Str: 28    XL:     6   Next: 24%
MP:   5/5           EV: 10    Int:  3    God:    Trog [**....]
Gold: 186           SH:  0    Dex:  9    Spells: 5/5 levels left

rFire   . . .      SeeInvis .     - Unarmed
rCold   . . .      Faith    .   (no shield)
rNeg    . . .      Spirit   .   a - +0 animal skin
rPois   .          Reflect  .   (helmet restricted)
rElec   .          Harm     .   (no cloak)
rCorr   .          Rampage  .   (gloves unavailable)
Will    .....                   (boots unavailable)
Stlth   ..........              (no amulet)
HPRegen 1.04/turn               (no ring)
MPRegen 0.09/turn               (no ring)

@: berserking, drained, very quick
A: large, unfitting armour, claws 3, regeneration 1, shaggy fur 1, tough skin 1
a: Renounce Religion, Berserk, Trog's Hand


You were on level 5 of the Dungeon.
You worshipped Trog.
Trog was pleased with you.
You visited 1 branch of the dungeon, and saw 5 of its levels.

You collected 186 gold pieces.

Inventory:

Missiles
 c - 57 stones (quivered)
 e - 5 poisoned darts
Armour
 a - a +0 animal skin (worn)
Jewellery
 b - an amulet of the acrobat
 s - a +6 ring of intelligence
Wands
 p - a wand of mindburst (19)
Scrolls
 i - 2 scrolls of teleportation {unknown}
 j - 4 scrolls of identify {unknown}
 l - a scroll of poison {unknown}
 n - a scroll of torment {unknown}
 q - a scroll of amnesia {unknown}
 r - a scroll of magic mapping {unknown}
 t - a scroll of immolation {unknown}
 u - a scroll of fear {unknown}
 v - a scroll of enchant armour {unknown}
Potions
 d - a potion of mutation {unknown}
 f - a potion of flight {unknown}
 g - 3 potions of lignification {unknown}
 h - 2 potions of haste {unknown}
 k - 3 potions of heal wounds {unknown}
 m - a potion of ambrosia {unknown}
 o - a potion of resistance {unknown}


   Skills:
 + Level 4.3 Fighting
 - Level 3.0 Dodging
 + Level 5.2 Unarmed Combat


You had 5 spell levels left.
You didn't know any spells.
Your spell library was empty.

Dungeon Overview and Level Annotations

Branches:
Dungeon (5/15)
 Temple: D:4-7

Altars:
Dithmenos

Shops:
D:3 [


Innate Abilities, Weirdness & Mutations

You are too large for most types of armour.
You have claws for hands.
Your natural rate of healing is unusually fast.
You are covered in fur. (AC +1)
You have tough skin. (AC +1)


Message History

You are too injured to fight recklessly!
You are too injured to fight recklessly!
You are too injured to fight recklessly!
You are too injured to fight recklessly!
You are too injured to fight recklessly!
You are too injured to fight recklessly!
You are too injured to fight recklessly!
You are too injured to fight recklessly!
You are too injured to fight recklessly!
You are too injured to fight recklessly!
There are monsters nearby!
There are monsters nearby!
Unknown command.
A red film seems to cover your vision as you go berserk!
You feel yourself moving faster!
You feel mighty!
The wight hits you with a +4 battleaxe of freezing!!
* * * LOW HITPOINT WARNING * * *
You feel drained.
* * * LOW HITPOINT WARNING * * *
The wight freezes you.
* * * LOW HITPOINT WARNING * * *
The wight hits you but does no damage.
The wight hits you with a +2 short sword of freezing.
* * * LOW HITPOINT WARNING * * *
The wight freezes you.
* * * LOW HITPOINT WARNING * * *
You claw the wight! Your claw misses the wight.
The wight is almost destroyed.
You claw the wight!
You destroy the wight!
Trog accepts your kill. The wight closely misses you. The wight misses you.
You claw the wight!
The wight is almost destroyed.
The wight hits you with a +2 short sword of freezing.
* * * LOW HITPOINT WARNING * * *
The wight freezes you.
* * * LOW HITPOINT WARNING * * *
The wight hits you with a +0 battleaxe!
You die...

#..... #...... ##
....... .#...
##....... .....
##........ ....#
#.........
.....###.zz......
#...#..@)......
#.............
#.............
##..!..........
#..............
#..............
#..#....<.......
.................
..................


You could see 2 wights.

Vanquished Creatures
  A phantom (D:4)
  A wight (D:5)
  An orc priest (D:4)
  An iguana (D:4)
  An orc wizard (D:4)
  3 gnolls (D:4)
  3 adders
  3 worms
  A dart slug (D:4)
  6 orcs
  3 ball pythons
  3 bats
  6 endoplasms
  4 giant cockroaches (D:1)
  A goblin (D:3)
  8 hobgoblins
  6 kobolds
  A quokka (D:3)
  3 frilled lizards
  5 rats
61 creatures vanquished.

Vanquished Creatures (others)
  A plant (D:2)
1 creature vanquished.

Grand Total: 62 creatures vanquished

Notes
Turn   | Place    | Note
-------+----------+-------------------------------------------
     0 | D:1      | kevlar127 the Troll Berserker began the quest for the Orb.
     0 | D:1      | Reached XP level 1. HP: 22/22 MP: 0/0
   246 | D:1      | Reached XP level 2. HP: 29/29 MP: 1/1
   362 | D:1      | You fall into a shaft and drop 1 floor!
   862 | D:1      | Reached XP level 3. HP: 36/36 MP: 2/2
  1259 | D:2      | Found a faded altar of an unknown god.
  1370 | D:3      | Found a shadowy altar of Dithmenos.
  1493 | D:3      | Found Kemawn's Antique Armour Boutique.
  1522 | D:3      | Reached ** piety under Trog
  1899 | D:3      | Reached XP level 4. HP: 45/45 MP: 3/3
  2305 | D:4      | Reached skill level 4 in Unarmed Combat
  2329 | D:4      | Reached XP level 5. HP: 20/53 MP: 4/4
  2402 | D:4      | Noticed a phantom
  2406 | D:4      | Killed a phantom
  2468 | D:4      | Reached skill level 5 in Unarmed Combat
  2468 | D:4      | Reached XP level 6. HP: 47/62 MP: 5/5
  2871 | D:5      | Entered Level 5 of the Dungeon
  2884 | D:5      | HP: 4/82 [wight/+2 short sword of freezing (3)]
  2887 | D:5      | Mangled by a wight

Illustrated notes

Levels and vault maps discovered:
D:1:      dpeg_arrival_chambers_temple_mockup, layout_basic
D:2:      layout_basic, dreamdust_ecumenical_altar_grove
D:3:      wander_river, layout_loops_ring, nicolae_overflow_crystal_walls,
          serial_shops, shop
D:4:      layout_loops_ring
D:5:      layout_layer_cave, mainiacjoe_overflow_six_doors_small,
          mainiacjoe_overflow_catwalk, minmay_temple_entry_junction,
          gup_ossuary_entry_pyramid

Skill      XL: |  1  2  3  4  5 |
---------------+----------------+-----
Fighting       | 3 4 |  4.3
Dodging        | 3 |  3.0
Unarmed Combat | 4 5 |  5.2

Action                   |  1- 3 |  4- 6 || total
-------------------------+-------+-------++-------
Melee: Unarmed           |   103 |    54 ||   157
       Punch             |     2 |     1 ||     3
Invok: Berserk           |       |     2 ||     2
 Stab: Sleeping          |     1 |       ||     1
Armor: Animal skin       |    24 |    11 ||    35
Dodge: Dodged            |    42 |    13 ||    55

Table legend: (Time is in decaauts)
 A = Elapsed time spent in this place.
 B = Non-inter-level travel time spent in this place.
 C = Inter-level travel time spent in this place.
 D = Time resting spent in this place.
 E = Time spent auto-exploring this place.
 F = Levels seen in this place.
 G = Mean time per level.
                   A        B        C        D        E       F      G
               +--------+--------+--------+--------+--------+-----+--------+
         Total |   2910 |   2751 |    159 |     14 |   2341 |   5 |  582.0 |
       Dungeon |   2910 |   2751 |    159 |     14 |   2341 |   5 |  582.0 |
               +--------+--------+--------+--------+--------+-----+--------+

Top non-repeatable levels by time:
     D:1: 826 daAuts
     D:3: 805 daAuts
     D:4: 725 daAuts
     D:2: 539 daAuts
     D:5: 14 daAuts
